 Dungeon Crawl Stone Soup version 0.19-a0-994-g3c636f0 (webtiles) character file.

70 Musica the Insei (level 4, -2/38 HPs)
             Began as a Naga Transmuter on July 15, 2016.
             Was an Initiate of Cheibriados.
             Slain by an ogre
             ... wielding a +0 giant club
              (29 damage)
             ... on level 3 of the Dungeon.
             The game lasted 00:08:01 (3253 turns).

Musica the Insei (Naga Transmuter)                  Turns: 3253, Time: 00:08:02

Health: -2/38      AC:  2    Str: 13    XL:     4   Next: 21%
Magic:  6/8        EV: 10    Int: 15    God:    Cheibriados [......]
Gold:   126        SH:  0    Dex: 10    Spells: 2 memorised, 5 levels left

rFire  . . .     SeeInvis +       - Unarmed
rCold  . . .     Gourm    .     b - +0 robe
rNeg   . . .     Faith    .     (no shield)
rPois  +         Spirit   .     (no helmet)
rElec  .         Dismiss  .     (no cloak)
rCorr  .         Reflect  .     (no gloves)
SustAt .         Harm     .     (no barding)
MR     .....                    (no amulet)
Stlth  +.........               (no ring)
                                k - -3 ring of dexterity (curse)

@: very slow, not resistant to hostile enchantments, very unstealthy
A: see invisible, deformed body, poison resistance, slowness 2, slow metabolism
1, spit poison 2, AC +1
a: Spit Poison, Bend Time, Renounce Religion


You were on level 3 of the Dungeon.
You worshipped Cheibriados.
Cheibriados was noncommittal.
You were not hungry.

You visited 1 branch of the dungeon, and saw 3 of its levels.

You collected 126 gold pieces.

Inventory:

Missiles
 a - 21 arrows
 e - 5 silver tomahawks (quivered)
Armour
 b - a +0 robe (worn)
Jewellery
 k - a cursed -3 ring of dexterity (left hand)
 l - a cursed -2 ring of intelligence {unknown}
Scrolls
 f - a scroll of recharging
 g - 3 scrolls of teleportation {unknown}
 h - 2 scrolls of identify
 j - 3 scrolls of remove curse {unknown}
 p - a scroll of fog {unknown}
Potions
 i - 2 potions of curing {unknown}
 m - a potion of heal wounds {unknown}
 n - a potion of lignification {unknown}
 o - a potion of degeneration {unknown}
Books
 c - a book of Changes

   Spells                             Type                      Level
   a - Beastly Appendage              Transmutation                1
   b - Sticks to Snakes               Transmutation                2
   c - Spider Form                    Transmutation/Poison         3
   d - Ice Form                       Ice/Transmutation            4
   e - Blade Hands                    Transmutation                5
Comestibles
 d - a bread ration
 q - a slice of pizza


   Skills:
 + Level 1.2 Fighting
 - Level 1.5 Dodging
 + Level 3.8 Unarmed Combat
 + Level 2.9 Spellcasting
 + Level 2.5 Transmutations


You had 5 spell levels left.
You knew the following spells:

 Your Spells              Type           Power        Failure   Level  Hunger
a - Beastly Appendage     Tmut           #.....       10%         1    #......
b - Sticks to Snakes      Tmut           #.......     12%         2    ##.....


Dungeon Overview and Level Annotations

Branches:
Dungeon (3/15)

Altars:
Cheibriados
Yredelemnul


Innate Abilities, Weirdness & Mutations

You cannot wear boots.
Your serpentine skin is tough. (AC +1)
You have supernaturally acute eyesight. (SInv)
Armour fits poorly on your strangely shaped body.
Your system is resistant to poisons. (rPois)
You cover ground very slowly.
You have a slow metabolism.
You can spit poison.


Message History

There is a stone staircase leading up here.
Found 4 large rocks.
There is an escape hatch in the floor here.
Found a stone staircase leading down.
You see here 4 large rocks.
Found a slice of pizza.
j - 3 scrolls labeled NELEICLULE (gained 1)
q - a slice of pizza An orc, 2 orc priests and an ogre come into view.
The ogre shouts!
The orc priest shouts!
An orc comes into view. It is wielding a short sword.
There are monsters nearby!
The ogre hits you with a giant club!
You see here 4 large rocks.
Casting: Beastly Appendage
Confirm with . or Enter, or press ? or * to list all spells.
You create a snake!
You now have 21 arrows.
The ogre hits you with a giant club!!
Ouch! That really hurt!
You die...

########################
..............S.o.....>#
###############O##..##.#
#@# ..# #.##..# ###
#..#.o. #<# ##.##o.#
#รท# #.# .o# #.# #># ..#
#+# #.# #.# #.#


You could see an ogre, an orc priest and a friendly ball python.

Vanquished Creatures
  2 oozes
  2 worms (D:2)
  A dart slug (D:1)
  3 giant geckos (D:2)
  3 giant cockroaches
  9 goblins
  7 hobgoblins
  A ball python (D:2)
  8 bats
  2 giant newts (D:2)
  7 kobolds
  5 rats
50 creatures vanquished.

Notes
Turn   | Place    | Note
-------+----------+-------------------------------------------
     0 | D:1      | Musica the Naga Transmuter began the quest for the Orb.
     0 | D:1      | Reached XP level 1. HP: 18/18 MP: 3/3
   344 | D:1      | Reached XP level 2. HP: 25/25 MP: 5/5
   829 | D:1      | Learned a level 2 spell: Sticks to Snakes
  1139 | D:1      | Reached XP level 3. HP: 30/31 MP: 4/6
  2509 | D:2      | Found a basalt altar of Yredelemnul.
  2522 | D:2      | Found a snail-covered altar of Cheibriados.
  2547 | D:2      | Became a worshipper of Cheibriados the Contemplative
  2629 | D:2      | Reached XP level 4. HP: 27/38 MP: 8/8
  3249 | D:3      | Noticed an ogre
  3253 | D:3      | Slain by an ogre

Vault maps used:
D:1:      saegor_arrival_simple_d, serial_bayou_ford_a, minmay_misc_feat_tower,
          minmay_misc_feat_rows
D:2:      overflow_temple_1_default, cheibriados_altar_1

Action                   |  1- 3 |  4- 6 || total
-------------------------+-------+-------++-------
Melee: Unarmed           |   152 |    29 ||   181
       Headbutt          |     8 |     1 ||     9
       Punch             |     2 |       ||     2
 Cast: Beastly Appendage |    21 |     4 ||    25
       Sticks to Snakes  |     3 |     1 ||     4
  Use: Scroll            |     3 |       ||     3
 Stab: Sleeping          |       |     1 ||     1
  Eat: Chunk             |     4 |     2 ||     6
Armor: Robe              |    36 |     5 ||    41
Dodge: Dodged            |   101 |    13 ||   114
